 Dungeon Crawl Stone Soup version 0.31.0-32-g396128a36d (webtiles) character file.

Game seed: 10734731078520988723

1488353 ratatoskos the Englaciator (level 27, 204/204 HPs)
             Began as a Human Ice Elementalist on Apr 8, 2024.
             Was the Champion of Vehumet.
             Escaped with the Orb
             ... and 3 runes on Apr 9, 2024!
             The game lasted 05:35:37 (99944 turns).

ratatoskos the Englaciator (HuIE)                  Turns: 99944, Time: 05:35:37

Health: 204/204    AC: 37    Str: 10    XL:     27
Magic:  58/58      EV: 20    Int: 30    God:    Vehumet [******]
Gold:   3321       SH: 11    Dex: 17    Spells: 25/71 levels left

rFire   + + +        M - staff "Cixer" {rC+ Dex+2 Ice}
rCold   + + .        q - +3 buckler {AC+3}
rNeg    + + +        U - +4 faerie dragon scales {rPois rC+ Will+ rCorr Dex+4}
rPois   +            A - +1 helmet of Jidegum {rF+ MP+9}
rElec   .            C - +2 cloak of the Thief {*Fog Slay-2 SInv Stlth+}
rCorr   +            r - +0 pair of gloves
SInv    +            W - +2 pair of boots {rampage}
Will    +++..        P - amulet of Vitality {RegenMP++ Regen++}
Stlth   +            N - ring "Exaphele" {rF++ rN+++ rCorr Int+3 Dex-2}
HPRegen 2.14/turn    f - ring of the Tortoise {AC+8}
MPRegen 1.16/turn

%: random rage (3%), rampage
@: hasted, very quick
A: explore regen, berserk 1, clumsy 1, deterioration 1, poison resistance, wild
magic 1, inability to read after injury 1
0: Orb of Zot
}: 3/15 runes: serpentine, barnacled, silver
a: Renounce Religion


You escaped.
You worshipped Vehumet.
Vehumet was exalted by your worship.
You visited 11 branches of the dungeon, and saw 51 of its levels.
You visited 1 bazaar.
You also visited: Sewer, Bailey, Gauntlet and Desolation.

You collected 8807 gold pieces.
You spent 5486 gold pieces at shops.

Inventory:

Missiles
 x - 5 curare-tipped darts
 L - 6 throwing nets
Armour
 q - a +3 buckler of protection (worn)
 r - a +0 pair of gloves (worn)
 A - the +1 helmet of Jidegum (worn) {rF+ MP+9}
   (You found it on level 2 of the Crypt)

   rF+:       It protects you from fire.
   MP+9:      It affects your magic capacity (+9).
 C - the +2 cloak of the Thief (worn) {*Fog Slay-2 SInv Stlth+}
   (You bought it in a shop on level 2 of the Shoals)

   *Fog:      It may release a thick cloud of smoke when the wearer is hurt.
   Slay-2:    It affects your accuracy & damage with ranged weapons and melee
   (-2).
   SInv:      It lets you see invisible.
   Stlth+:    It makes you more stealthy.
 U - the +4 faerie dragon scales (worn) {rPois rC+ Will+ rCorr Dex+4}
   (You took it off the Enchantress on level 1 of the Depths)

   Dex+4:     It affects your dexterity (+4).
   rC+:       It protects you from cold.
   rPois:     It protects you from poison Will+: It increases your willpower.
   rCorr:     It protects you from acid and corrosion.
 W - a +2 pair of boots of rampaging (worn)
Magical Staves
 M - the staff "Cixer" (weapon) {rC+ Dex+2 Ice}
   (You found it on level 3 of the Elven Halls)

   [staff of cold]

   Base accuracy: +5 Base damage: 5 Base attack delay: 1.2 This weapon's minimum
   attack delay (0.6) is reached at skill level 12.
   Dex+2:     It affects your dexterity (+2).
   rC+:       It protects you from cold.
   Ice:       It increases the power of your Ice spells.
   It falls into the 'Staves' category.
   It is a one-handed weapon.
Jewellery
 f - the ring of the Tortoise (right hand) {AC+8}
   (You took it off a yaktaur captain on level 5 of the Vaults)

   [ring of protection]

   AC+8:      It affects your AC (+8).
 i - the ring of Ignis's Supremacy {Fly rElec rN+ rCorr Int-5}
   (You took it off an ironbound convoker on level 5 of the Vaults)

   [ring of positive energy]

   Int-5:     It affects your intelligence (-5).
   rElec:     It insulates you from electricity.
   rN+:       It protects you from negative energy.
   Fly:       It grants you flight.
   rCorr:     It protects you from acid and corrosion.
 N - the ring "Exaphele" (left hand) {rF++ rN+++ rCorr Int+3 Dex-2}
   (You found it on level 2 of the Vaults)

   [ring of resist corrosion]

   Int+3:     It affects your intelligence (+3).
   Dex-2:     It affects your dexterity (-2).
   rF++:      It greatly protects you from fire.
   rN+++:     It renders you almost immune to negative energy.
   rCorr:     It protects you from acid and corrosion.
 P - the amulet of Vitality (around neck) {RegenMP++ Regen++}
   (You bought it in a shop on level 1 of the Snake Pit)

   [amulet of magic regeneration]

   RegenMP:   It increases your rate of magic regeneration.
   Regen++:   It increases your rate of health regeneration.
Wands
 j - a wand of paralysis (34)
 l - a wand of iceblast (81)
 z - a wand of quicksilver (23)
 D - a wand of mindburst (27)
Scrolls
 d - 12 scrolls of amnesia
 e - 13 scrolls of fear
 g - 11 scrolls of poison
 m - 5 scrolls of silence
 s - 9 scrolls of fog
 v - 5 scrolls of enchant armour
 y - 8 scrolls of torment
 B - 28 scrolls of teleportation
 G - 3 scrolls of immolation
 J - 6 scrolls of blinking
 R - 5 scrolls of vulnerability
 T - 3 scrolls of summoning
Potions
 a - 9 potions of lignification
 b - 4 potions of magic
 c - 11 potions of mutation
 h - 6 potions of brilliance
 n - 22 potions of curing
 o - 11 potions of heal wounds
 t - 4 potions of invisibility
 u - 3 potions of resistance
 w - 5 potions of enlightenment
 E - a potion of cancellation
 O - 2 potions of haste
 V - 3 potions of ambrosia
Miscellaneous
 p - a box of beasts
 F - a tin of tremorstones (2/2)
 H - a phantom mirror
 K - a phial of floods
 Z - a lightning rod (4/4)


   Skills:
 + Level 14.1 Fighting
 - Level 12.0 Staves
 + Level 15.8 Armour
 + Level 16.6 Dodging
 - Level 2.0 Stealth
 - Level 14.0 Shields
 + Level 22.9 Spellcasting
 - Level 8.0 Conjurations
 - Level 5.0 Summonings
 - Level 12.0 Necromancy
 - Level 8.0 Translocations
 O Level 27 Ice Magic
 - Level 12.0 Earth Magic
 - Level 12.0 Evocations


You had 25 spell levels left.
You knew the following spells:

 Your Spells              Type           Power      Damage    Failure   Level
a - Freeze                Ice            100%       1d10      1%          1
b - Frozen Ramparts       Ice            100%       1d16      1%          3
c - Ozocubu's Armour      Ice            100%       N/A       1%          3
d - Summon Ice Beast      Ice/Summ       100%       N/A       1%          3
e - Ozocubu's Refrigerat  Ice            77%        4d24      1%          7
f - Iskenderun's Mystic   Conj/Tloc      82%        2d16      1%          4
g - Blink                 Tloc           100%       N/A       1%          2
h - Dispel Undead         Necr           95%        3d30      1%          4
i - Lee's Rapid Deconstr  Erth           47%        3d23*     1%          5
j - Polar Vortex          Ice            77%        12d10*    1%          9
k - Borgnjor's Vile Clut  Necr/Erth      47%        N/A       1%          5

Your spell library contained the following spells:

 Spells                   Type           Power      Damage    Failure   Level
 Ignition                 Fire           22%        3d8       100%        8
 Apportation              Tloc           100%       N/A       1%          1
 Kiss of Death            Conj/Necr      100%       2d13      1%          1
 Magic Dart               Conj           100%       1d8       1%          1
 Necrotise                Necr           100%       1d9       1%          1
 Sting                    Conj/Alch      100%       1d9       1%          1
 Summon Small Mammal      Summ           100%       N/A       1%          1
 Call Imp                 Summ           100%       N/A       1%          2
 Cigotuvi's Dreadful Rot  Necr/Alch/Air  100%       N/A       1%          2
 Lesser Beckoning         Tloc           100%       N/A       1%          2
 Mercury Vapours          Alch/Air       88%        N/A       1%          2
 Momentum Strike          Conj/Tloc      100%       3d10      1%          2
 Scorch                   Fire           88%        2d8       1%          2
 Searing Ray              Conj           100%       2d8       1%          2
 Sublimation of Blood     Necr           95%        N/A       1%          2
 Call Canine Familiar     Summ           70%        N/A       1%          3
 Dazzling Flash           Conj/Hex       100%       N/A       1%          3
 Fugue of the Fallen      Necr           95%        N/A       1%          3
 Gell's Gravitas          Tloc           82%        N/A       1%          3
 Hailstorm                Conj/Ice       100%       3d16      1%          3
 Mephitic Cloud           Conj/Alch/Air  60%        N/A       1%          3
 Passwall                 Erth           95%        N/A       1%          3
 Stone Arrow              Conj/Erth      100%       3d13      1%          3
 Teleport Other           Tloc           82%        N/A       1%          3
 Volatile Blastmotes      Fire/Tloc      100%       2d18      1%          3
 Animate Armour           Summ/Erth      100%       N/A       1%          4
 Animate Dead             Necr           95%        N/A       1%          4
 Brom's Barrelling Bould  Conj/Erth      89%        2d10      1%          4
 Flame Wave               Conj/Fire      66%        2d15      1%          4
 Fulminant Prism          Conj/Alch      33%        3d15      1%          4
 Manifold Assault         Tloc           82%        N/A       1%          4
 Martyr's Knell           Necr/Summ      84%        N/A       1%          4
 Passage of Golubria      Tloc           82%        N/A       1%          4
 Freezing Cloud           Conj/Ice/Air   58%        6-21      1%          5
 Iskenderun's Battlesphe  Conj           82%        2d13      1%          5
 Metabolic Englaciation   Hex/Ice        61%        N/A       1%          5
 Bombard                  Conj/Erth      44%        9d8       1%          6
 Sculpt Simulacrum        Ice/Alch       61%        N/A       1%          6
 Leda's Liquefaction      Alch/Erth      37%        N/A       2%          4
 Fireball                 Conj/Fire      33%        3d14      3%          5
 Death Channel            Necr           47%        N/A       3%          6
 Jinxbite                 Hex            88%        N/A       4%          2
 Dimensional Bullseye     Hex/Tloc       33%        N/A       5%          4
 Summon Forest            Summ/Tloc      38%        N/A       5%          5
 Ignite Poison            Fire/Alch      44%        N/A       6%          4
 Olgreb's Toxic Radiance  Alch           44%        N/A       6%          4
 Sticky Flame             Fire/Alch      44%        2d8       6%          4
 Confusing Touch          Hex            44%        N/A       8%          3
 Sigil of Binding         Hex            44%        N/A       8%          3
 Tukima's Dance           Hex            44%        N/A       8%          3
 Summon Blazeheart Golem  Fire/Summ      59%        N/A       9%          4
 Summon Lightning Spire   Summ/Air       59%        N/A       9%          4
 Dispersal                Tloc           41%        N/A       13%         6
 Conjure Ball Lightning   Conj/Air       33%        3x3d11    16%         6
 Cause Fear               Hex            22%        N/A       22%         4
 Summon Mana Viper        Hex/Summ       59%        N/A       22%         5
 Spellforged Servitor     Conj/Summ      38%        N/A       28%         7
 Summon Cactus Giant      Summ           35%        N/A       38%         6
 Lehudib's Crystal Spear  Conj/Erth      44%        10d11     45%         8
 Haunt                    Necr/Summ      42%        N/A       47%         7
 Alistair's Intoxication  Alch           29%        N/A       50%         5
 Silence                  Hex/Air        22%        N/A       50%         5
 Eringya's Noxious Bog    Alch           22%        4d6       56%         6
 Plasma Beam              Fire/Air       22%        2x1d34    56%         6
 Borgnjor's Revivificati  Necr           47%        N/A       67%         8
 Infestation              Necr           47%        N/A       67%         8
 Malign Gateway           Summ/Tloc      38%        N/A       75%         7
 Monstrous Menagerie      Summ           35%        N/A       90%         7
 Summon Hydra             Summ           35%        N/A       90%         7
 Disjunction              Tloc           41%        N/A       99%         8
 Discord                  Hex            22%        N/A       100%        8
 Summon Horrible Things   Summ           35%        N/A       100%        8
 Death's Door             Necr           47%        N/A       100%        9
 Fire Storm               Conj/Fire      33%        8d8       100%        9


Dungeon Overview and Level Annotations

Branches:
Dungeon (15/15)            Temple (1/1) D:5            Lair (5/5) D:9
 Shoals (4/4) Lair:2        Snake (4/4) Lair:3        Slime (0/5) Lair:4
    Orc (2/2) D:10            Elf (3/3) Orc:2        Vaults (5/5) D:14
  Crypt (3/3) Vaults:3       Tomb (0/3) Crypt:3      Depths (4/4) D:15
    Zot (5/5) Depths:4      Sewer (visited)          Bailey (visited)
Desolation (visited)      Gauntlet (visited)

Altars:
Ashenzari
Cheibriados
Dithmenos
Elyvilon
Fedhas
Gozag
Hepliaklqana
Kikubaaqudgha
Makhleb
Nemelex Xobeh
Okawaru
Qazlal
Ru
Sif Muna
Trog
Uskayaw
Vehumet
Wu Jian
Xom
Yredelemnul
Zin
The Shining One
Ignis
Jiyva

Shops:
D:6 [   D:9 ?   D:11 :   Orc:2 :[?*   Elf:1 (   Elf:3 =![[*   Shoals:2 [
Shoals:4 ?   Snake:1 :=:   Snake:4 [[[:(   Vaults:4 (   Depths:3 [

Portals:
Hell: Depths:1 Depths:2 Depths:3 Depths:4
Abyss: Depths:1 Depths:2 Depths:3
Pandemonium: Depths:1 Depths:2
Ziggurat: Depths:4


Innate Abilities, Weirdness & Mutations

You regain HP and MP as you explore.
You sometimes lose your temper in combat.
You are clumsy. (Dex -2)
Your body sometimes deteriorates upon taking damage.
Your system is resistant to poisons. (rPois)
Your spells are a little harder to cast, but a little more powerful.
You occasionally lose the ability to read scrolls when taking damage.


Message History

A seraph comes into view.
It is wielding a +3 great sword of flaming.
You feel yourself speed up.
The seraph gestures.
An Orb Guardian comes into view.
The daeva calls down the wrath of the Shining One upon you.
The Shining One smites you!
The seraph shouts a warning to its allies!
Natasha, Servant of Life and Death comes into view.
Natasha hisses angrily.
Natasha stares at you and mumbles some strange words.
The magic dart hits you but does no damage.
Casting: Ozocubu's Refrigeration (safe; 1% risk of failure)
Confirm with . or Enter, or press ? or * to list all spells.
You feel a surge of power!
The heat is drained from your surroundings.
You kill Natasha!
Vehumet accepts your kill.
You feel your power returning.
The Orb Guardian is severely wounded.
Unknown command.
Casting: Ozocubu's Refrigeration (safe; 1% risk of failure)
Confirm with . or Enter, or press ? or * to list all spells.
You feel a surge of power!
The heat is drained from your surroundings.
You kill the Orb Guardian!
Vehumet accepts your kill.
You feel your power returning.
The seraph shouts a warning to its allies!
You hear a shout.
There is a stone staircase leading up here.
The seraph gestures.
The seraph begins to accept its allies' injuries.
You climb upwards.
There is a stone staircase leading down here.
You open the door.
There is an open door here.
There is an open door here.
Magic restored.
There is a staircase leading out of the dungeon here.
You have escaped!

#### #.##.##.###...(.............
# #.##.##+###.##.########.##.# #
#.##.....##.##.# #.##.. ###
#.##........###### #..... ..##
#.##.............# #.#...
#..###.#......##.####.######.#.##
............#########.#......#.#
...~~##.....#.......#.#......#.#
.~##≈≈###...+...@...'.#......#.##
.#≈≈#≈≈≈~..##.......#.#..........
##≈≈≈≈≈≈##.##########.#......#.##
~≈#≈≈≈#≈≈#.##.......#.#.....##.##
#≈≈≈≈≈≈≈≈#..'.>.>.>.'.#.###.##.##
##≈#≈≈#≈~#..#.......#.#.# #.##...
.#≈≈≈≈≈≈#...#########...###.##.##
.#≈#≈≈###...#...............##.#
...##~#.....#.####......###.##.#


There were no monsters in sight!

Vanquished Creatures
  2 pandemonium lords
  Frederick (Crypt:1)
  4 dread liches
  7 ancient liches (Zot:5)
  8 orbs of fire
  Mennas (Vaults:2)
  2 juggernauts (Depths:3)
  Sojobo (Crypt:1)
  6 Killer Klowns
  Vv (Crypt:1)
  Bai Suzhen (Depths:1)
  The ghost of DizzySkin the Executioner, a veteran MiBe of Trog (Vaults:4)
  3 curse toes
  7 golden dragons
  4 caustic shrikes (Depths:4)
  2 profane servitors (Crypt:3)
  Jory (Crypt:1)
  the Enchantress (Depths:1)
  Norris (Vaults:4)
  2 bone dragons (Depths:4)
  2 doom hounds (Depths:4)
  6 electric golems
  An Ice Fiend (Zot:5)
  21 tentacled monstrosities
  31 Orb Guardians
  Grunn (Depths:4)
  3 liches
  9 titans
  A walking earthen tome (Depths:2)
  4 deep elf blademasters
  9 quicksilver dragons
  2 Executioners
  3 sphinxes
  11 death cobs
  2 krakens
  12 ancient champions
  13 storm dragons
  Aizul (Snake:1)
  14 shadow dragons
  10 tengu reavers
  3 nagarajas
  Donald (Orc:2)
  13 draconian monks
  2 revenants
  Ilsuiw (Shoals:3)
  5 protean progenitors
  10 fire giants
  10 frost giants
  20 vault wardens
  14 draconian knights
  4 draconian scorchers
  A caustic shrike zombie (Crypt:3)
  4 deep elf sorcerers
  9 iron dragons
  5 ghost moths
  5 curse skulls
  10 draconian shifters
  4 ghouls
  2 imperial myrmidons (Desolation)
  3 deep elf elementalists (Elf:3)
  2 orc warlords (Vaults:4)
  6 spriggan defenders
  12 very ugly things
  A reaper (Crypt:2)
  4 formless jellyfish
  13 draconian annihilators
  4 draconian stormcallers
  20 stone giants
  17 ironbound preservers
  7 ironbound thunderhulks
  29 red draconians
  8 vampire knights
  6 green draconians
  8 deep elf demonologists
  13 yellow draconians
  9 black draconians
  13 purple draconians
  11 deep elf death magi
  9 dire elephants
  3 halazid warlocks (Desolation)
  11 white draconians
  10 deep elf annihilators
  2 minotaurs
  3 war gargoyles
  5 spark wasps
  14 ettins
  3 eidola
  4 entropy weavers
  11 merfolk impalers
  A crystal guardian (Desolation)
  15 jiangshi
  3 merfolk javelineers
  4 deep elf high priests
  17 yaktaur captains
  6 fire dragons
  7 ragged hierophants (Desolation)
  8 great orbs of eyes
  3 rakshasas
  11 hydras
  9 ice dragons
  7 servants of whispers (Desolation)
  The ghost of Syis the Thaumaturge, a journeyman DECj of Vehumet (D:10)
  5 ogre magi
  12 peacekeepers
  7 ironbound frosthearts
  Fannar (D:11)
  2 spriggan air magi
  9 merfolk aquamancers
  6 salamander tyrants (Snake:4)
  2 merfolk avatars
  35 vault guards
  4 death knights
  2 catoblepae
  20 anacondas
  2 alligator snapping turtles
  8 boulder beetles
  3 satyrs
  8 deep troll shamans
  14 naga warriors
  A death scarab (Gauntlet)
  31 dancing weapons
  7 deep troll earth magi
  7 tengu warriors
  11 centaur warriors
  9 two-headed ogres
  5 death yaks
  Urug (Orc:2)
  4 hell hogs (Zot:3)
  18 naga sharpshooters
  4 occultists
  13 vampire magi
  6 orc high priests
  9 shock serpents
  5 spriggan berserkers
  Sonja (Lair:3)
  Nergalle (D:11)
  13 hell knights
  21 deep elf knights
  3 soul eaters
  A skyshark (shapeshifter) (Depths:2)
  A titan skeleton (Crypt:3)
  5 iron trolls
  2 salamander mystics (Snake:4)
  5 shadow wraiths
  A death drake (Gauntlet)
  6 skysharks
  12 sea snakes
  13 mana vipers
  30 skeletal warriors
  7 naga ritualists
  2 glowing orange brains
  2 golden dragon zombies (Depths:2)
  6 flayed ghosts
  5 arcanists
  66 deep trolls
  2 glowing orange brains (shapeshifter)
  A sea snake (shapeshifter) (Vaults:5)
  5 large abominations
  13 deep elf archers
  6 orc knights
  14 harpies
  17 lindwurms
  Pikel (D:5)
  An obsidian statue (Crypt:2)
  A lindwurm (shapeshifter) (Vaults:5)
  A golden dragon skeleton (Depths:2)
  A shadow dragon zombie (Vaults:5)
  25 deep elf zephyrmancers
  A broodmother zombie (Crypt:2)
  44 deep elf pyromancers
  16 ironbound convokers
  9 fauns
  3 orc sorcerers
  8 necromancers
  2 wolf spiders
  44 ugly things
  16 phantasmal warriors
  A shining eye (Depths:4)
  2 oklob plants
  15 manticores
  39 moths of wrath
  A human zombie (Crypt:3)
  4 spectral centaurs
  7 salamanders
  6 merfolk sirens
  2 fauns (shapeshifter) (Vaults:5)
  11 cyclopes
  10 naga magi
  10 water nymphs
  21 vault sentinels
  3 rust devils
  A kobold blastminer (Orc:2)
  12 guardian serpents
  2 centaur zombies
  A shock serpent zombie (Crypt:3)
  An eye of devastation (Depths:4)
  17 elephants
  A fire giant skeleton (Crypt:1)
  A mana viper skeleton (Crypt:1)
  A spectral redback (Gauntlet)
  A molten gargoyle (Desolation)
  13 cane toads
  46 black mambas
  2 cane toads (shapeshifter)
  4 gargoyles
  2 unseen horrors
  A kobold demonologist (D:14)
  A dire elephant skeleton (Crypt:2)
  2 pale draconian zombies (Crypt:1)
  7 freezing wraiths
  13 komodo dragons
  A white draconian skeleton (Crypt:1)
  11 rime drakes
  A guardian mummy (Crypt:3)
  28 yaktaurs
  3 tengu conjurers
  3 tormentors
  8 harpy zombies (Shoals:1)
  5 polar bears
  35 merfolk
  7 hornets
  7 trolls
  A wolf spider simulacrum (D:10)
  10 wind drakes
  55 saltlings (Desolation)
  2 tarantellas (Vaults:2)
  18 blink frogs
  2 human skeletons
  4 glass eyes
  13 dream sheep
  Prince Ribbit (Lair:3)
  A tyrant leech (Zot:2)
  2 raiju (shapeshifter)
  13 snapping turtles
  Sigmund (D:2)
  An ettin zombie (Crypt:3)
  29 slime creatures
  A jumping spider (Vaults:5)
  6 vampires
  4 air elementals
  A culicivora (shapeshifter) (Vaults:5)
  25 water elementals
  A yak (shapeshifter) (D:15)
  4 centaur simulacra
  A spectral black mamba (Gauntlet)
  A wyvern (Lair:5)
  A ynoxinul (Depths:1)
  4 spriggans
  6 wraiths
  53 yaks
  A warg (Orc:1)
  7 basilisks
  A human (D:14)
  3 steam dragons
  3 fire elementals
  A human simulacrum (Vaults:5)
  A redback (shapeshifter) (Depths:3)
  4 vampire mosquitoes (D:12)
  8 redbacks
  29 nagas
  18 water moccasins
  A hydra simulacrum (Gauntlet)
  A faun skeleton (Crypt:3)
  A manticore zombie (Shoals:1)
  30 orc warriors
  4 black bears
  15 laughing skulls
  11 ogres
  13 centaurs
  A snapping turtle skeleton (Crypt:1)
  A boggart (D:14)
  2 lemures (D:5)
  A phantom (D:6)
  4 kobold brigands
  A komodo dragon zombie (Crypt:1)
  5 bullfrogs
  2 necrophages (Crypt:1)
  A warg zombie (Crypt:3)
  A gnoll sergeant (D:11)
  3 scorpions
  6 earth elementals
  2 wights (D:9)
  A shapeshifter zombie (Crypt:1)
  14 killer bees
  A queen bee zombie (Crypt:3)
  A polar bear zombie (Crypt:2)
  A troll skeleton (Crypt:3)
  5 howler monkeys
  7 electric eels
  9 crimson imps (D:10)
  A wolf skeleton (Crypt:2)
  A gnoll bouda (D:5)
  2 hounds
  A spectral boggart (D:10)
  20 orc priests
  A bullfrog skeleton (Crypt:2)
  Ijyb (D:3)
  Terence (D:2)
  2 iguanas
  2 sleepcaps (D:6)
  Natasha (thrice) (D:2)
  21 orc wizards
  A deep dwarf skeleton (Crypt:3)
  A sky beast zombie (Crypt:2)
  12 mummies (Crypt:3)
  A boggart simulacrum (Gauntlet)
  7 adders
  8 gnolls (D:5)
  A howler monkey skeleton (Crypt:3)
  2 river rats (Sewer)
  2 white imps
  2 dart slugs
  4 ribbon worms
  84 orcs
  8 ball pythons
  2 bats (D:1)
  11 endoplasms
  6 giant cockroaches
  6 goblins
  6 hobgoblins
  2 jackals (Sewer)
  26 kobolds
  2 frilled lizards
  6 rats
  A rat skeleton (Crypt:3)
  A river rat skeleton (Crypt:2)
  12 aspiring fleshes
  A spectral weapon (Zot:5)
  4 tentacles
2520 creatures vanquished.

Vanquished Creatures (collateral kills)
  Frances (Snake:1)
  A dire elephant (Lair:5)
  A merfolk avatar (Lair:5)
  A death yak (Lair:5)
  A manticore (Lair:5)
  A merfolk siren (Lair:2)
  A cane toad (Lair:3)
  2 black mambas
  A komodo dragon (Lair:2)
  A basilisk (Lair:1)
  An orc warrior (Bailey)
  A wight (D:9)
  An orc (Bailey)
  3 goblins (D:9)
17 creatures vanquished.

Vanquished Creatures (others)
  A skeletal warrior (Crypt:3)
  A deep elf zephyrmancer (Elf:3)
  A ynoxinul (Depths:2)
  4 tentacles
7 creatures vanquished.

Grand Total: 2544 creatures vanquished

Notes
Turn   | Place    | Note
-------+----------+-------------------------------------------
     0 | D:1      | ratatoskos the Human Ice Elementalist began the quest for
                  | the Orb.
     0 | D:1      | Reached XP level 1. HP: 13/13 MP: 3/3
   191 | D:1      | Reached XP level 2. HP: 19/19 MP: 3/5
   736 | D:1      | Reached XP level 3. HP: 24/24 MP: 4/6
   740 | D:1      | Learned a level 3 spell: Frozen Ramparts
   983 | D:2      | Noticed Terence
  1007 | D:2      | Killed Terence
  1063 | D:2      | Reached skill level 5 in Ice Magic
  1063 | D:2      | Reached XP level 4. HP: 26/30 MP: 4/7
  1459 | D:2      | Noticed Natasha
  1465 | D:2      | Killed Natasha
  1765 | D:2      | Noticed Natasha
  1769 | D:2      | Killed Natasha
  1770 | D:2      | Reached XP level 5. HP: 24/35 MP: 4/8
  1963 | D:2      | Noticed Sigmund
  1990 | D:2      | Killed Sigmund
  1991 | D:2      | Reached skill level 6 in Ice Magic
  1991 | D:2      | Reached XP level 6. HP: 13/41 MP: 2/9
  2261 | D:2      | Learned a level 3 spell: Ozocubu's Armour
  3031 | D:3      | Noticed Ijyb
  3036 | D:3      | Paralysed by Ijyb for 2 turns
  3039 | D:3      | Killed Ijyb
  4194 | D:4      | Reached skill level 1 in Armour
  4194 | D:4      | Reached skill level 7 in Ice Magic
  4194 | D:4      | Reached XP level 7. HP: 46/46 MP: 4/10
  4473 | D:4      | Learned a level 3 spell: Summon Ice Beast
  4526 | D:5      | Entered Level 5 of the Dungeon
  4606 | D:5      | Noticed Pikel
  4612 | D:5      | Killed Pikel
  4613 | D:5      | Reached skill level 8 in Ice Magic
  4613 | D:5      | Reached XP level 8. HP: 33/52 MP: 0/11
  5100 | D:5      | Reached skill level 9 in Ice Magic
  5486 | D:5      | Reached XP level 9. HP: 57/57 MP: 8/12
  6113 | D:5      | Found a staircase to the Ecumenical Temple.
  6129 | Temple   | Entered the Ecumenical Temple
  6145 | Temple   | Became a worshipper of Vehumet
  6210 | D:6      | Found a glowing drain.
  6222 | Sewer    | Entered a sewer
  6622 | Sewer    | Found a white marble altar of Elyvilon.
  6709 | D:6      | Found Sozoxiom's Antique Armour Boutique.
  7101 | D:6      | Reached * piety under Vehumet
  7101 | D:6      | Offered knowledge of Magic Dart by Vehumet.
  7102 | D:6      | Reached skill level 5 in Armour
  7102 | D:6      | Reached skill level 10 in Ice Magic
  7282 | D:6      | Bought a pair of embroidered boots for 187 gold pieces
  7879 | D:7      | Reached skill level 5 in Summonings
  7960 | D:7      | Reached skill level 5 in Dodging
  8117 | D:7      | Reached skill level 11 in Ice Magic
  8225 | D:7      | Reached XP level 10. HP: 63/63 MP: 8/13
  8637 | D:7      | Reached ** piety under Vehumet
  8689 | D:7      | Reached skill level 12 in Ice Magic
  8698 | D:7      | Offered knowledge of Shock by Vehumet.
  8720 | D:7      | Found the +4 skin of Zhor {*Englaciate rC+++ SInv}
 10208 | D:9      | Found Linel's Magic Scroll Emporium.
 10343 | D:9      | Found a staircase to the Lair.
 10375 | D:9      | Found a flagged portal.
 10467 | Bailey   | Entered a bailey
 10589 | Bailey   | Reached skill level 13 in Ice Magic
 10822 | Bailey   | Offered knowledge of Hailstorm by Vehumet.
 10984 | Bailey   | Reached XP level 11. HP: 68/68 MP: 10/14
 11198 | Bailey   | Reached *** piety under Vehumet
 11341 | Bailey   | Identified the +6 arbalest of Gehenna {freeze, Str-2 Int+3
                  | Stlth+}
 11344 | Bailey   | Noticed an orc knight
 11371 | Bailey   | Killed an orc knight
 11586 | D:9      | Identified the ring "Nawaodos" {rCorr EV+5}
 11803 | D:9      | Noticed a two-headed ogre
 11812 | D:9      | Killed a two-headed ogre
 11937 | D:9      | Noticed a two-headed ogre
 11942 | D:9      | Offered knowledge of Mephitic Cloud by Vehumet.
 11944 | D:9      | Killed a two-headed ogre
 11945 | D:9      | Reached skill level 14 in Ice Magic
 12037 | D:9      | Found an iron altar of Okawaru.
 12037 | D:9      | Found a shimmering altar of Xom.
 12044 | D:9      | Found a snail-covered altar of Cheibriados.
 12046 | D:9      | Found a blossoming altar of Fedhas.
 12048 | D:9      | Found a shimmering blue altar of Sif Muna.
 12132 | D:10     | Entered Level 10 of the Dungeon
 12132 | D:10     | Found a shadowy altar of Dithmenos.
 12263 | D:10     | Found a staircase to the Orcish Mines.
 12478 | D:10     | Reached **** piety under Vehumet
 12538 | D:10     | Offered knowledge of Irradiate by Vehumet.
 12663 | D:10     | Found a runed translucent gate.
 12784 | D:10     | Found a runed translucent gate.
 12784 | D:10     | Found a runed translucent gate.
 12787 | D:10     | Noticed Syis's ghost (journeyman DECj)
 13153 | Lair:1   | Entered Level 1 of the Lair of Beasts
 13171 | Lair:1   | Reached skill level 15 in Ice Magic
 13314 | Lair:1   | Paralysed by a hornet for 1 turns
 13316 | Lair:1   | Paralysed by a hornet for 2 turns
 13414 | Lair:1   | Reached XP level 12. HP: 74/74 MP: 11/15
 14063 | Lair:1   | Reached skill level 10 in Dodging
 14147 | Lair:1   | Reached skill level 1 in Fighting
 14147 | Lair:1   | Reached skill level 1 in Evocations
 14798 | Lair:2   | Noticed an eight-headed hydra
 14816 | Lair:2   | Killed an eight-headed hydra
 14817 | Lair:2   | Reached skill level 16 in Ice Magic
 14922 | Lair:2   | Reached ***** piety under Vehumet
 14923 | Lair:2   | Offered knowledge of Ozocubu's Refrigeration by Vehumet.
 14938 | Lair:2   | Learned a level 7 spell: Ozocubu's Refrigeration
 15208 | Lair:2   | Found a staircase to the Shoals.
 15216 | Lair:2   | Reached XP level 13. HP: 88/88 MP: 10/19
 16224 | Lair:3   | Reached skill level 5 in Spellcasting
 16479 | Lair:3   | Reached skill level 5 in Fighting
 16479 | Lair:3   | Reached skill level 5 in Evocations
 16599 | Lair:3   | Found a staircase to the Snake Pit.
 16681 | Lair:3   | Identified the ring of Dawn {rC- Will+ rCorr Str+3 SInv}
 16845 | Lair:3   | Noticed Sonja
 16847 | Lair:3   | Killed Sonja
 16984 | Lair:3   | Reached skill level 17 in Ice Magic
 17378 | Lair:3   | Noticed Prince Ribbit
 17383 | Lair:3   | Killed Prince Ribbit
 17911 | D:6      | Bought a runed cloak for 187 gold pieces
 18035 | D:9      | Bought a scroll of identify for 32 gold pieces
 18035 | D:9      | Bought a scroll of blinking for 120 gold pieces
 18035 | D:9      | Bought a scroll of identify for 32 gold pieces
 18058 | D:9      | Acquired 680 gold pieces
 18185 | Lair:3   | Offered knowledge of Conjure Ball Lightning by Vehumet.
 18349 | Lair:4   | Found a viscous altar of Jiyva.
 18349 | Lair:4   | Found a staircase to the Slime Pits.
 18780 | Lair:4   | Reached XP level 14. HP: 100/101 MP: 20/23
 19426 | Lair:5   | Entered Level 5 of the Lair of Beasts
 20087 | Lair:5   | Reached skill level 18 in Ice Magic
 20345 | Lair:5   | Offered knowledge of Eringya's Noxious Bog by Vehumet.
 20365 | Lair:5   | Noticed a dire elephant
 20856 | Lair:5   | Killed a dire elephant
 21628 | Lair:5   | Identified the +7 trident "Ettotzufai" {flame, *Rage MP+9
                  | Stlth+}
 21835 | D:10     | Learned a level 4 spell: Iskenderun's Mystic Blast
 21838 | D:10     | Learned a level 2 spell: Blink
 22015 | D:11     | Reached XP level 15. HP: 110/110 MP: 23/26
 22097 | D:11     | Learned a level 4 spell: Dispel Undead
 22111 | D:11     | Reached skill level 1 in Conjurations
 22131 | D:11     | Reached skill level 1 in Translocations
 22166 | D:11     | Found Roexoci's Book Shoppe.
 22295 | D:11     | Noticed Nergalle
 22301 | D:11     | Killed Nergalle
 22495 | D:11     | Reached skill level 1 in Necromancy
 22690 | D:11     | Noticed Fannar
 22708 | D:11     | Killed Fannar
 26320 | D:14     | Reached skill level 5 in Necromancy
 28033 | D:14     | Reached skill level 19 in Ice Magic
 30004 | D:14     | Found a gate to the Vaults.
 30010 | D:14     | Reached XP level 16. HP: 117/117 MP: 28/28
 30314 | D:15     | Entered Level 15 of the Dungeon
 30566 | D:15     | Found a gate leading to a gauntlet.
 30600 | Gauntlet | Entered a Gauntlet
 30600 | Gauntlet | Found a transporter.
 30606 | Gauntlet | Found a transporter.
 30610 | Gauntlet | Found a transporter.
 30618 | Gauntlet | Found a transporter.
 30622 | Gauntlet | Found a transporter.
 30631 | Gauntlet | Found a transporter.
 30634 | Gauntlet | Found a transporter.
 30642 | Gauntlet | Found a transporter.
 30646 | Gauntlet | Found a transporter.
 30654 | Gauntlet | Found a transporter.
 30681 | Gauntlet | Found a transporter.
 30693 | Gauntlet | Found a transporter.
 30705 | Gauntlet | Found a transporter.
 30755 | Gauntlet | Found a transporter.
 30789 | Gauntlet | Paralysed by a hornet for 1 turns
 31023 | Gauntlet | Reached skill level 5 in Conjurations
 31308 | Gauntlet | Reached skill level 5 in Translocations
 31316 | Gauntlet | Identified the ring "Imyutwug" {Will+ Dex+3 SInv}
 31611 | Gauntlet | Identified the +10 broad axe "Fozet" {drain, *Slow rCorr
                  | Str+2 Dex+6}
 31650 | Gauntlet | Identified the +2 robe of Wiehot {Dex+2}
 31675 | Gauntlet | Got the Enchiridion on the Faeries
 31934 | D:15     | Found a staircase to the Depths.
 32058 | D:15     | Reached ****** piety under Vehumet
 32631 | D:15     | Offered knowledge of Freezing Cloud by Vehumet.
 33008 | Orc:1    | Entered Level 1 of the Orcish Mines
 33231 | Orc:2    | Entered Level 2 of the Orcish Mines
 33306 | Orc:2    | Noticed Donald
 33311 | Orc:2    | Killed Donald
 33476 | Orc:2    | Found a staircase to the Elven Halls.
 33516 | Orc:2    | Noticed Urug
 33520 | Orc:2    | Killed Urug
 34441 | Orc:2    | Paralysed by an ogre mage for 2 turns
 34451 | Orc:2    | Found Tieggo Nigg's Assorted Antiques.
 34451 | Orc:2    | Found Fixte's Magic Scroll Shoppe.
 34572 | Orc:2    | Found Sexkeopn's Antique Armour Boutique.
 34572 | Orc:2    | Found Xeedirch's Book Shoppe.
 34591 | Orc:2    | Bought a book of Vapours for 338 gold pieces
 34592 | Orc:2    | Bought a polished scarf for 310 gold pieces
 34592 | Orc:2    | Identified the scarf of Ignis's Condemnation {+Inv, -Cast
                  | Str+4} (You bought it in a shop on level 2 of the Orcish
                  | Mines)
 34780 | D:10     | Offered knowledge of Starburst by Vehumet.
 34890 | D:10     | Killed Syis's ghost
 35093 | Shoals:1 | Entered Level 1 of the Shoals
 35299 | Shoals:1 | Reached XP level 17. HP: 63/122 MP: 29/29
 37422 | Shoals:2 | Reached skill level 10 in Necromancy
 37860 | Shoals:2 | Identified the beast talisman "Hotek" {rC++}
 38350 | Shoals:2 | Noticed a kraken
 38355 | Shoals:2 | Killed a kraken
 38483 | Shoals:2 | Found Zifuchof's Antique Armour Boutique.
 38498 | Shoals:2 | Bought the +2 cloak of the Thief {*Fog Slay-2 SInv Stlth+}
                  | for 623 gold pieces
 38498 | Shoals:2 | Found the +2 cloak of the Thief {*Fog Slay-2 SInv Stlth+}
 38575 | Shoals:2 | Offered knowledge of Lee's Rapid Deconstruction by Vehumet.
 38595 | Shoals:2 | Learned a level 5 spell: Lee's Rapid Deconstruction
 38835 | Shoals:3 | Reached skill level 1 in Earth Magic
 38944 | Shoals:3 | Noticed Ilsuiw
 39114 | Shoals:3 | Reached skill level 10 in Armour
 39123 | Shoals:3 | Killed Ilsuiw
 39582 | Shoals:3 | Noticed a kraken
 39593 | Shoals:3 | Killed a kraken
 40677 | Shoals:3 | Reached skill level 5 in Earth Magic
 40811 | Shoals:4 | Entered Level 4 of the Shoals
 41432 | Shoals:4 | Reached XP level 18. HP: 80/129 MP: 7/30
 41693 | Shoals:4 | Offered knowledge of Spellforged Servitor by Vehumet.
 42274 | Shoals:4 | Found Ashrosas's Magic Scroll Emporium.
 42901 | Shoals:4 | HP: 6/129 [merfolk impaler/+5 trident of venom (16)]
 43357 | Shoals:4 | Got a barnacled rune of Zot
 43913 | Snake:1  | Entered Level 1 of the Snake Pit
 43951 | Snake:1  | Identified the serpent talisman of Ulliurut {*Corrode rElec
                  | Str+3}
 43951 | Snake:1  | Noticed Aizul
 43968 | Snake:1  | Killed Aizul
 44982 | Snake:1  | Noticed Frances
 45033 | Snake:1  | Found Uthrity's Book Shop.
 45034 | Snake:1  | Found Song's Jewellery Shoppe.
 45035 | Snake:1  | Found Tebexoc's Book Shop.
 45103 | Snake:1  | Killed Frances
 47218 | Snake:2  | Reached skill level 10 in Earth Magic
 47337 | Snake:2  | Offered knowledge of Fire Storm by Vehumet.
 47337 | Snake:2  | Offered knowledge of Polar Vortex by Vehumet.
 47337 | Snake:2  | Offered knowledge of Ignition by Vehumet.
 47730 | Snake:2  | Reached XP level 19. HP: 86/134 MP: 26/32
 48531 | Snake:1  | Bought the amulet of Vitality {RegenMP++ Regen++} for 1700
                  | gold pieces
 48531 | Snake:1  | Found the amulet of Vitality {RegenMP++ Regen++}
 49616 | Snake:3  | Reached skill level 20 in Ice Magic
 49918 | Snake:4  | Entered Level 4 of the Snake Pit
 50288 | Snake:4  | Found Xenwanwe's Armour Shoppe.
 50378 | Snake:4  | Found Bits's Antique Armour Shoppe.
 50933 | Snake:4  | Found Voebi's Antique Weapon Shop.
 51211 | Snake:4  | Found Kuuryecw's Book Boutique.
 51286 | Snake:4  | Found Fecag's Antique Armour Shop.
 52121 | Snake:4  | Reached skill level 10 in Spellcasting
 52139 | Snake:4  | Got a serpentine rune of Zot
 52745 | Vaults:1 | Entered Level 1 of the Vaults
 54034 | Vaults:1 | Paralysed by a formless jellyfish for 1 turns
 54616 | Vaults:1 | Reached XP level 20. HP: 69/141 MP: 32/34
 56740 | Snake:1  | Bought a ring of poison resistance for 340 gold pieces
 57309 | Vaults:2 | Learned a level 9 spell: Polar Vortex
 57935 | Vaults:2 | Reached skill level 21 in Ice Magic
 58168 | Vaults:2 | Noticed Mennas
 58174 | Vaults:2 | Killed Mennas
 58177 | Vaults:2 | Identified the ring "Exaphele" {rF++ rN+++ rCorr Int+3
                  | Dex-2}
 59789 | Vaults:3 | Identified the +0 helmet of Feasting {rN+}
 59976 | Vaults:3 | Reached skill level 22 in Ice Magic
 60013 | Vaults:3 | Found a crumbling gateway.
 60018 | Vaults:3 | Identified the ring of Lutu Vokh {Fly Str+3}
 60048 | Desolati | Entered the Desolation of Salt
 60299 | Desolati | Identified the ring "Ifewkibaog" {Str-4 Int+6 Dex+5 SInv
                  | Stlth-}
 60753 | Desolati | Identified the +2 leather armour of Ignis, Bedazzling
                  | {Regen+}
 60770 | Desolati | Got the Compendium of the Chilly Band
 60771 | Desolati | Identified the ring "Dufoiby" {rN+ SInv}
 61135 | Desolati | Reached XP level 21. HP: 127/147 MP: 24/36
 61355 | Desolati | Reached skill level 23 in Ice Magic
 61492 | Desolati | Identified the ring "Eruigaly" {Fire ^Drain Will+ Slay+3
                  | Stlth+}
 61495 | Desolati | Got Vv's Textbook on the Volcano and Firn
 61496 | Desolati | Identified the +1 halberd "Mysosei" {venom, *Rage Fly rElec
                  | rN++}
 61497 | Desolati | Identified the +2 ring mail of the Gloaming {rF- Str+4
                  | Dex+5}
 61752 | Desolati | Identified the +1 quarterstaff of Mayhem {venom, rCorr
                  | Dex+2}
 61752 | Desolati | Identified the +0 plate armour "Wassuesh" {rN+ Will+ Str-2
                  | Slay+4}
 61785 | Desolati | Got Sif Muna's Elucidation of Necrotic Kindling
 61789 | Desolati | Identified the ring of Circularity {Fly Str+2 Int+4 SInv}
 62279 | Vaults:3 | Found a staircase to the Crypt.
 63885 | Vaults:3 | Reached skill level 24 in Ice Magic
 64561 | Vaults:4 | Noticed Norris
 64569 | Vaults:4 | Killed Norris
 64774 | Vaults:4 | Found Gajufem's Weapon Shoppe.
 65783 | Vaults:4 | Reached skill level 25 in Ice Magic
 65977 | Vaults:4 | Found a runed translucent gate.
 65978 | Vaults:4 | Found a runed translucent gate.
 65978 | Vaults:4 | Found a runed translucent gate.
 65979 | Vaults:4 | Noticed DizzySkin's ghost (veteran MiBe)
 65982 | Vaults:4 | Found an iron altar of Okawaru.
 66637 | Vaults:4 | Reached XP level 22. HP: 132/153 MP: 20/37
 66727 | Vaults:4 | Killed DizzySkin's ghost
 66850 | Vaults:5 | Entered Level 5 of the Vaults
 66854 | Vaults:5 | Reached skill level 26 in Ice Magic
 67766 | Vaults:5 | Reached skill level 27 in Ice Magic
 67961 | Vaults:5 | Reached XP level 23. HP: 79/159 MP: 38/38
 68386 | Vaults:5 | Noticed a dread lich
 68388 | Vaults:5 | Paralysed by a dread lich for 4 turns
 68398 | Vaults:4 | Killed a dread lich
 68992 | Vaults:5 | Reached skill level 1 in Staves
 68993 | Vaults:5 | Identified the ring of Ignis's Supremacy {Fly rElec rN+
                  | rCorr Int-5}
 69787 | Vaults:5 | Identified the +4 quarterstaff of the Supporting Gods
                  | {flame, rF+ rC+ Str+6 Dex+3}
 69967 | Vaults:5 | Got a silver rune of Zot
 70051 | Vaults:5 | Identified the +4 plate armour of Lifelessness {Will- Int+6
                  | Dex+3}
 70742 | Elf:1    | Entered Level 1 of the Elven Halls
 71522 | Elf:1    | Found Bimopuec's Weapon Emporium.
 71678 | Elf:1    | Paralysed by an air elemental for 1 turns
 71680 | Elf:1    | Paralysed by an air elemental for 1 turns
 71715 | Elf:1    | You fall into a shaft and drop 1 floor!
 71746 | Elf:2    | Found a runed translucent gate.
 71746 | Elf:2    | Found a runed translucent gate.
 71746 | Elf:2    | Found a runed translucent gate.
 71957 | Elf:2    | Found a flickering gateway to a bazaar.
 71967 | Bazaar   | Entered a bazaar
 71967 | Bazaar   | Found Zuirr's Assorted Antiques.
 71967 | Bazaar   | Found Juig's Armour Shoppe.
 71967 | Bazaar   | Found Zim Bare's Book Shoppe.
 71967 | Bazaar   | Found Hiutont's Book Emporium.
 71967 | Bazaar   | Found Cotsarai's Assorted Antiques.
 71996 | Bazaar   | Bought a potion of heal wounds for 100 gold pieces
 72034 | Elf:1    | Found an ancient bone altar of Kikubaaqudgha.
 73073 | Elf:2    | Paralysed by an air elemental for 1 turns
 73474 | Elf:2    | Reached skill level 5 in Staves
 73704 | Elf:2    | Found the +8 pair of quick blades "Gyre" and "Gimble"
                  | {protect}
 73739 | Elf:2    | Identified the +3 barding "Runa" {rF+}
 74098 | Elf:2    | Reached XP level 24. HP: 170/171 MP: 30/38
 74141 | Elf:2    | Identified the blade talisman of Macaroni {rF+ Int+3}
 74259 | Elf:2    | Reached skill level 10 in Evocations
 74303 | Elf:2    | Reached skill level 10 in Fighting
 74671 | Elf:3    | Entered Level 3 of the Elven Halls
 74685 | Elf:3    | Found Uxeeteh's Assorted Antiques.
 74687 | Elf:3    | Found Zeibyarph's Armour Shop.
 74777 | Elf:3    | Reached skill level 15 in Dodging
 74899 | Elf:3    | Bought an ichor-stained ring mail for 261 gold pieces
 74899 | Elf:3    | Identified the +0 ring mail of Akloergh {Fly rC+ Slay+3}
                  | (You bought it in a shop on level 3 of the Elven Halls)
 75313 | Snake:4  | Bought a faintly humming ring mail for 414 gold pieces
 75313 | Snake:4  | Identified the +5 ring mail "Zaopaserph" {rPois rN+ Dex+2}
                  | (You bought it in a shop on level 4 of the Snake Pit)
 76309 | Elf:3    | Found Vibobrik's Antique Armour Boutique.
 76312 | Elf:3    | Bought a pair of embroidered boots for 277 gold pieces
 76335 | Elf:3    | Bought a pair of runed boots for 277 gold pieces
 76376 | Elf:3    | Found Vuutyewogi's Distillery.
 76513 | Elf:3    | Found Paofumm's Jewellery Shop.
 77127 | Elf:3    | Identified the +7 war axe of Hacking and Slashing {heavy,
                  | rC++}
 77127 | Elf:3    | Identified the ring of the Jester {Will+ rCorr}
 77276 | Elf:3    | Got the Writings on the Geologist and the Brume
 77282 | Elf:3    | Got the Almanac of Combustion
 77288 | Elf:3    | Identified the +4 dagger of Luxury {spect, rF++ Int+3 Dex+3
                  | Stlth-}
 77296 | Elf:3    | Identified the +4 flail of the Nurturing Owl {drain, Dex+4}
 77297 | Elf:3    | Identified the staff "Cixer" {rC+ Dex+2 Ice}
 77388 | Elf:3    | Identified the +7 war axe of Erifeduv {flame, rF+ rN+
                  | rCorr}
 77501 | Elf:3    | Identified the +0 plate armour of the Orb Guardian {Slay+3}
 77836 | Depths:1 | Entered Level 1 of the Depths
 77964 | Depths:1 | Noticed the Enchantress
 77973 | Depths:1 | Killed the Enchantress
 78175 | Depths:1 | Noticed Bai Suzhen
 78184 | Depths:1 | Killed Bai Suzhen
 78185 | Depths:1 | Reached skill level 1 in Shields
 78362 | Depths:1 | Found a gateway to Hell.
 78457 | Depths:1 | Found a one-way gate to the infinite horrors of the Abyss.
 78745 | Depths:1 | Found a glowing golden altar of the Shining One.
 79128 | Depths:1 | Found a one-way gate leading to the halls of Pandemonium.
 79410 | Depths:2 | Reached skill level 5 in Shields
 79751 | Depths:2 | Found a shimmering blue altar of Sif Muna.
 79969 | Depths:2 | Reached skill level 10 in Staves
 80406 | Depths:2 | Got the Meditations on Terra Firma and Embers
 80417 | Depths:2 | Reached XP level 25. HP: 184/184 MP: 33/38
 80599 | Depths:2 | Identified the +0 pair of gloves "Avenuim" {Harm rN++ Str-2
                  | Int+2}
 81480 | Depths:3 | Found Sikly's Armour Boutique.
 81557 | Depths:3 | Identified the granite talisman "Sututaaz" {Int+2 Dex+2}
 81699 | Depths:3 | Found a shadowy altar of Dithmenos.
 82171 | Depths:3 | Noticed a juggernaut
 82171 | Depths:3 | Noticed a juggernaut
 82181 | Depths:3 | Killed a juggernaut
 82185 | Depths:3 | Killed a juggernaut
 82190 | Depths:3 | Reached skill level 10 in Shields
 82423 | Depths:4 | Entered Level 4 of the Depths
 82454 | Depths:4 | Identified the +0 cloak of Sin {rCorr}
 82475 | Depths:4 | Noticed Grunn
 82483 | Depths:4 | Killed Grunn
 82620 | Depths:4 | Identified the +6 mace of the Charming Pill Bug {flame,
                  | +Blink rElec rC+ Will-}
 83469 | Depths:4 | Found an ancient bone altar of Kikubaaqudgha.
 83482 | Depths:4 | Found a one-way gateway to a ziggurat.
 84341 | Depths:4 | Found a gate to the Realm of Zot.
 84822 | Depths:4 | Reached XP level 26. HP: 191/191 MP: 32/38
 85250 | Crypt:1  | Entered Level 1 of the Crypt
 85276 | Crypt:1  | Noticed Jory
 85284 | Crypt:1  | Killed Jory
 85568 | Crypt:1  | Identified the orb "Wesanwid" {light, *Slow rElec rN+++
                  | rCorr}
 85568 | Crypt:1  | Noticed Frederick
 85605 | Crypt:1  | Killed Frederick
 85735 | Crypt:1  | Noticed Vv
 85754 | Crypt:1  | Killed Vv
 86080 | Crypt:1  | Noticed Sojobo
 86086 | Crypt:1  | Killed Sojobo
 87022 | Crypt:2  | Found a transporter.
 87056 | Crypt:2  | Found a transporter.
 87324 | Crypt:2  | Identified the ring of the Ego {Wiz Dex+3}
 87329 | Crypt:2  | Identified the +1 helmet of Jidegum {rF+ MP+9}
 87384 | Crypt:3  | Entered Level 3 of the Crypt
 87750 | Crypt:3  | Identified the +3 bardiche "Seizak" {antimagic, rPois Int+2
                  | Stlth+}
 87774 | Crypt:3  | Identified the +1 hand axe "Xeth" {spect, rElec rPois rC+}
 87825 | Crypt:3  | Reached skill level 15 in Spellcasting
 87893 | Crypt:3  | Found a basalt altar of Yredelemnul.
 87895 | Crypt:3  | Found an ancient bone altar of Kikubaaqudgha.
 87988 | Crypt:3  | Identified the staff of Armageddon {rN+ Str-2 Int+6 Necro
                  | Tloc Alchemy}
 88395 | Crypt:3  | Found a staircase to the Tomb.
 88459 | Crypt:3  | Found the +10 tower shield of Ignorance {rN+ Int-4}
 89401 | Zot:1    | Entered Level 1 of the Realm of Zot
 89880 | Elf:3    | Bought a potion of mutation for 128 gold pieces
 89880 | Elf:3    | Bought a potion of haste for 160 gold pieces
 89886 | Elf:3    | Learned a level 5 spell: Borgnjor's Vile Clutch
 90374 | Zot:1    | Reached XP level 27. HP: 197/197 MP: 42/42
 92548 | Zot:2    | Identified the +5 arbalest "Kagruic" {penet, Str+3 Stlth+}
 93964 | Zot:3    | Noticed an orb of fire
 93968 | Zot:3    | Gained mutation: You have a pair of small horns on your
                  | head. [an orb of fire]
 93974 | Zot:3    | Killed an orb of fire
 94163 | Zot:3    | Noticed an orb of fire
 94176 | Zot:3    | Gained mutation: Armour fits poorly on your strangely
                  | shaped body. [an orb of fire]
 94177 | Zot:3    | Killed an orb of fire
 94213 | Zot:3    | Noticed an orb of fire
 94226 | Zot:3    | Killed an orb of fire
 94567 | Zot:3    | Found a candlelit altar of Ignis.
 95885 | Zot:3    | Lost mutation: You have a pair of small horns on your head.
                  | [potion of mutation]
 95885 | Zot:3    | Lost mutation: Armour fits poorly on your strangely shaped
                  | body. [potion of mutation]
 95885 | Zot:3    | Gained mutation: Your spells are a little harder to cast,
                  | but a little more powerful. [potion of mutation]
 95885 | Zot:3    | Gained mutation: Your system is resistant to poisons.
                  | (rPois) [potion of mutation]
 96412 | Zot:4    | Identified the +2 whip of Premature Burial {antimagic,
                  | rN++}
 97277 | Zot:5    | Entered Level 5 of the Realm of Zot
 97317 | Zot:5    | Identified the +8 plate armour "Bamelal" {rF+ rC- Slay+2}
 98282 | Zot:5    | Noticed an ancient lich
 98283 | Zot:5    | Noticed an orb of fire
 98286 | Zot:5    | Noticed an orb of fire
 98287 | Zot:5    | Noticed an orb of fire
 98287 | Zot:5    | Noticed an orb of fire
 98289 | Zot:5    | Killed an ancient lich
 98289 | Zot:5    | Gained mutation: You sometimes lose your temper in combat.
                  | [an orb of fire]
 98290 | Zot:5    | Killed an orb of fire
 98291 | Zot:5    | Killed an orb of fire
 98292 | Zot:5    | Killed an orb of fire
 98292 | Zot:5    | Gained mutation: You have hidden genetic defects. [an orb
                  | of fire]
 98293 | Zot:5    | Noticed an ancient lich
 98295 | Zot:5    | Killed an orb of fire
 98296 | Zot:5    | Noticed an ancient lich
 98300 | Zot:5    | Noticed an ancient lich
 98301 | Zot:5    | Killed an ancient lich
 98303 | Zot:5    | Noticed an ancient lich
 98303 | Zot:5    | Noticed a dread lich
 98304 | Zot:5    | Noticed an ancient lich
 98304 | Zot:5    | Noticed a dread lich
 98308 | Zot:5    | Killed an ancient lich
 98309 | Zot:5    | Killed an ancient lich
 98310 | Zot:5    | Killed an ancient lich
 98311 | Zot:5    | Killed a dread lich
 98311 | Zot:5    | Killed an ancient lich
 98311 | Zot:5    | Noticed an ancient lich
 98314 | Zot:5    | Killed an ancient lich
 98315 | Zot:5    | Reached skill level 15 in Armour
 98320 | Zot:5    | Noticed an orb of fire
 98329 | Zot:5    | Gained mutation: You are clumsy. (Dex -2) [hidden defects]
 98365 | Zot:5    | Gained mutation: You occasionally lose the ability to read
                  | scrolls when taking damage. [an orb of fire]
 98369 | Zot:5    | Noticed a dread lich
 98373 | Zot:5    | Killed an orb of fire
 98379 | Zot:5    | Killed a dread lich
 98593 | Zot:5    | Killed a dread lich
 98806 | Zot:5    | Gained mutation: Your body sometimes deteriorates upon
                  | taking damage. [hidden defects]
 98806 | Zot:5    | Lost mutation: You have hidden genetic defects. [hidden
                  | defects expressed]
 99140 | Zot:5    | Got the Orb of Zot
 99325 | Zot:3    | Noticed Ofugewir the pandemonium lord
 99333 | Zot:3    | Killed Ofugewir the pandemonium lord
 99536 | Depths:2 | Noticed Kogod the pandemonium lord
 99551 | Depths:2 | Killed Kogod the pandemonium lord
 99853 | D:4      | Noticed Atrakkodd the pandemonium lord
 99908 | D:2      | Noticed a seraph
 99919 | D:2      | Noticed Natasha
 99924 | D:2      | Killed Natasha
 99944 | D:$      | Escaped with the Orb!

Illustrated notes

Levels and vault maps discovered:
D:1:      minmay_arrival_up_and_down, layout_basic, minivault_4
D:2:      layout_basic, uniq_sigmund, uniq_natasha, uniq_terence
D:3:      layout_basic, uniq_ijyb
D:4:      layout_cave_pods
D:5:      layout_rooms, minmay_temple_entry_metal_lava, uniq_pikel
D:6:      layout_gridville, serial_shops, shop,
          mainiacjoe_sewer_entry_somewhere_in_here_2, hex_large
D:7:      layout_cave_pools, hellmonk_guarded_unrand_zhor
D:8:      layout_layer_cave
D:9:      layout_roguey, chequers_temple_overflow_minitemple, lair_entry_dummy,
          serial_shops, nicolae_shop_hallway_stairs, enter_bailey_5
D:10:     layout_roguey, mainiacjoe_overflow_small_starburst,
          minmay_orc_entry_temple_small, gammafunk_ghost_necromancy,
          kennysheep_minor_cross, minmay_nine_imps
D:11:     layout_loops_ring, serial_shops, nicolae_book_shop_shelving,
          grunt_ministairs_13, lightli_fourway_metalbox, uniq_fannar,
          uniq_nergalle
D:12:     layout_roguey, chequers_big_river
D:13:     layout_gridville, serial_glass, glass_columns_a, glass_columns_b
D:14:     hangedman_arrow_trap, layout_loops_ring, grunt_vaults_entry_fortified,
          serial_aquarium, aquarium_bridge_square [aquarium_subvault_wall,
          aquarium_subvault_wall, aquarium_subvault_bridge,
          aquarium_subvault_window], aquarium_window_fake, aquarium_window_1,
          aquarium_window_corner, aquarium_window_2, aquarium_view_2b,
          aquarium_pool_2
D:15:     grunt_enter_depths_giant_problem, layout_irregular_city,
          gauntlet_entry_generic, solitary_fountain, drop_trap, nicolae_titane
Temple:   compressed_dpeg_triangle_lava_temple
Lair:1:   layout_hall_layers, minmay_lair_oklob_items
Lair:2:   layout_long_grid, elwin_shoals_entry_stream, beast_lair_carwin_9
Lair:3:   layout_regular_city, minmay_snake_entry_six_corridors,
          serial_bayou_ford_a, minmay_stone_trees_medium, uniq_prince_ribbit2,
          uniq_sonja
Lair:4:   layout_cave_pods, nicolae_slime_entry_slimehenge, grunt_megastairs_2,
          infiniplex_staircase_pool_2, serial_bayou_shore_a
Lair:5:   gammafunk_lair_ancient_temple, layout_misc_corridors
Shoals:1: layout_shoals, nicolae_shoals_undead_eyrie
Shoals:2: layout_shoals, serial_shops, nicolae_shop_tiny_waterfront
Shoals:3: layout_shoals, uniq_ilsuiw
Shoals:4: shoals_end_grunt_ice, layout_shoals, serial_shops,
          nicolae_shop_behind_doors, nicolae_splish_splash
Snake:1:  layout_cave_shapes, nicolae_snake_boneroom, minmay_shop_grove,
          uniq_aizul, uniq_frances
Snake:2:  layout_rooms
Snake:3:  layout_rooms, lemuel_fruit_tree
Snake:4:  snake_pit_salamanders_mu, layout_cave_town, serial_shops, shop, shop,
          shop, nicolae_shop_waterfront, nicolae_shop_real_fake_doors
Orc:1:    layout_caves
Orc:2:    grunt_orc_tribal_feast, layout_caves, uniq_donald, uniq_urug
Elf:1:    elf_arrival_001, layout_gridlike, serial_shops, shop,
          hangedman_elven_crosses_minicolossus, grunt_megastairs_4,
          lemuel_upstairs_altar
Elf:2:    elven_hall_of_blades_hangedman_original [nicolae_blade_bullseye],
          layout_geoelf_diagonals, serial_aquarium, aquarium_bridge_square
          [aquarium_subvault_bridge, aquarium_subvault_window,
          aquarium_subvault_bridge, aquarium_subvault_bridge],
          aquarium_window_fake, aquarium_window_corner, aquarium_window_2,
          aquarium_window_fake, aquarium_view_2a, aquarium_view_2d,
          serial_shops, bzr_entry_islet, st_stairs_5,
          hellmonk_guarded_unrand_gyre_and_gimble
Elf:3:    minmay_elf_hall_dome, layout_onion_city, serial_glass,
          glass_columns_b, glass_columns_b, glass_columns_a, glass_columns_b,
          glass_columns_a, glass_columns_c, glass_columns_c, glass_columns_b,
          serial_shops, nicolae_square_shop, nicolae_shop_window_shopping, shop,
          nicolae_shop_hallway_plus, shop
Vaults:1: vaults_mumra_minichess_inversion, nicolae_vaults_big_ls,
          nicolae_vaults_network_square, v_rooms_4, nicolae_vaults_display_case,
          nicolae_vaults_network_s, nicolae_vaults_prndl,
          nicolae_vaults_trapezoid_lopsided_1, layout_vaults_quadrants
Vaults:2: nicolae_vaults_arrows, nicolae_vaults_tetromino_L_1, v_misc_4,
          nicolae_vaults_storage_closets_2, nicolae_vaults_weapon_check,
          nicolae_vaults_surprise_closet, nicolae_vaults_ellipses_ellipsis,
          vaults_room_fancy_cross, nicolae_vaults_little_squares_3,
          nicolae_vaults_offset_grid_hallway_1, layout_vaults_omnibox,
          uniq_mennas
Vaults:3: portal_desolation_entry_twin_temple, nicolae_vaults_yaktaur_gun_rack,
          nicolae_vaults_network_periphery, ontoclasm_vaults_ring_large,
          nicolae_vaults_tetromino_Z_2, vaults_dpeg_ring,
          ontoclasm_vaults_loading_screen, minmay_crypt_entry_vampire_xt,
          nicolae_vaults_twisting_passages,
          nicolae_vaults_corridor_and_loot_room, ontoclasm_vaults_eye,
          nicolae_vaults_oval_intersection, nicolae_vaults_shrinking_rooms_1,
          nicolae_vaults_trapezoid_2, nicolae_vaults_alarming,
          nicolae_vaults_tetromino_T_1, nicolae_vaults_two_Ls,
          layout_vaults_omnicross
Vaults:4: gammafunk_ghost_fury_of_okawaru, vaults_room_hallway, v_alt_pattern_1,
          ontoclasm_vaults_ring_large, serial_library_hellmonk_reading_circle,
          nicolae_vaults_steering_wheel, vaults_room_fours,
          hangedman_vaults_capsules, nicolae_vaults_fighting_squares, v_misc_9,
          nicolae_vaults_tetromino_T_1, nicolae_vaults_trapezoid_lopsided_1,
          ontoclasm_vaults_pinch, nicolae_vaults_trapezoid_lopsided_1,
          hangedman_vaults_nails, v_alt_pattern_2, nicolae_vaults_house_1,
          layout_vaults_ring, serial_shops, shop, uniq_norris
Vaults:5
Crypt:1:  layout_regular_city, uniq_jory, uniq_sojobo, uniq_vv, uniq_frederick
Crypt:2:  gammafunk_sealed_arena, layout_rooms
Crypt:3:  lightli_unholy_cathedral, layout_chaotic_city,
          nicolae_tomb_entry_unfolded_pyramid_orthogonal
Depths:1: layout_gridlike, nicolae_abyss_entry_one_way_or_another,
          rand_demon_pan_entry_4, hell_entry, nicolae_tso_swordbearing_angel,
          uniq_bai_suzhen, uniq_enchantress
Depths:2: minmay_the_grid_octo_2x2 [minmay_the_grid_octo_thin_diamonds,
          minmay_the_grid_octo_toaster, minmay_the_grid_octo_teeth,
          minmay_the_grid_octo_prize_single_spiral], layout_cave_pools,
          serial_library, serial_library_hellmonk_hallway_b,
          serial_library_hellmonk_hallway_b,
          serial_library_regret_index_branch_corner,
          serial_library_hellmonk_secret_room, serial_library_hellmonk_junction,
          serial_library_hellmonk_narrow_alcove,
          serial_library_hellmonk_big_corner, serial_library_hellmonk_room_b,
          serial_library_regret_index_small_wings,
          serial_library_hellmonk_u_bend, serial_library_hellmonk_room_b,
          pan_entry, hell_entry, hangedman_decor_peaks_small, abyss_entry
Depths:3: kennysheep_four_of_diamonds, layout_cave_pools,
          hangedman_abyss_entry_splay, serial_shops,
          nicolae_shop_getting_attention, hell_entry,
          nicolae_dithmenos_through_a_glass_darkly
Depths:4: grunt_zot_entry_pinwheel, layout_gridville, enter_ziggurat_d,
          kiku_gazebo_garden_becter, pf_hell_entry_tar_spiral, uniq_grunn
Zot:1:    layout_misc_corridors, skrybe_zot_glass_3, zot_minivault_6
Zot:2:    kennysheep_oblong_rooms, layout_twisted_circle,
          hangedman_player_shredder
Zot:3:    regret_index_infernal_bastille, layout_onion_interference,
          hangedman_zot_decor_unnerving_road, st_stairs_6
Zot:4:    layout_cellular_growth, st_stairs_8, regret_index_zotdec_banners
Zot:5:    layout_gridlike, st_stairs_12, grunt_megastairs_5

Skill      XL: |  1  2  3  4  5  6  7  8  9 10 11 12 13 14 15 16 17 18 19 20 21 22 23 24 25 26 27 |
---------------+----------------------------------------------------------------------------------+-----
Ice Magic      | 5 6 7 8 9 11 13 15 16 17 18 19 20 22 25 27 | 27.0
Dodging        | 3 4 5 7 9 10 12 14 15 16 | 16.6
Armour         | 1 3 4 5 7 8 11 12 13 14 15 | 15.8
Summonings     | 2 4 5 |  5.0
Fighting       | 4 6 8 9 12 14 | 14.1
Evocations     | 4 6 8 9 10 12 | 12.0
Spellcasting   | 4 6 7 8 9 10 11 15 22 | 22.9
Conjurations   | 4 6 8 |  8.0
Translocations | 4 6 8 |  8.0
Necromancy     | 6 9 10 12 | 12.0
Earth Magic    | 6 10 12 | 12.0
Staves         | 5 10 12 | 12.0
Shields        | 6 13 14 | 14.0
Stealth        | |  2.0

Action                     |  1- 3 |  4- 6 |  7- 9 | 10-12 | 13-15 | 16-18 | 19-21 | 22-24 | 25-27 || total
---------------------------+-------+-------+-------+-------+-------+-------+-------+-------+-------++-------
  Melee: Long sword        |     7 |    17 |    16 |       |       |       |       |       |       ||    40
         Mace              |     1 |       |       |       |       |       |       |       |       ||     1
         Whip              |       |       |   128 |       |       |       |       |       |       ||   128
         Broad axe         |       |       |     6 |   129 |       |       |       |       |       ||   135
         Punch             |       |       |     3 |     1 |       |     5 |     2 |     2 |       ||    13
         Staff             |       |       |       |       |       |   248 |   274 |   137 |   482 ||  1141
         Headbutt          |       |       |       |       |       |       |       |       |    21 ||    21
   Fire: Arbalest          |       |       |       |   230 |   776 |    41 |       |       |       ||  1047
  Throw: Dart              |       |       |       |       |     9 |     1 |       |     1 |     2 ||    13
   Cast: Freeze            |    30 |    79 |    14 |       |       |       |       |     2 |       ||   125
         Frozen Ramparts   |     2 |     2 |    28 |    44 |    50 |    24 |    16 |       |     1 ||   167
         Ozocubu's Armour  |       |       |    18 |    33 |    41 |    24 |    17 |       |     1 ||   134
         Summon Ice Beast  |       |       |     1 |     5 |     9 |       |     2 |       |       ||    17
         Ozocubu's Refrige |       |       |       |     1 |    62 |   344 |   385 |   292 |   342 ||  1426
         Iskenderun's Myst |       |       |       |       |     7 |    19 |    17 |    59 |    24 ||   126
         Dispel Undead     |       |       |       |       |     2 |    58 |     6 |    28 |   100 ||   194
         Lee's Rapid Decon |       |       |       |       |       |       |    35 |     6 |       ||    41
         Polar Vortex      |       |       |       |       |       |       |     4 |    40 |   139 ||   183
         Blink             |       |       |       |       |       |       |       |     1 |     1 ||     2
         Borgnjor's Vile C |       |       |       |       |       |       |       |       |     6 ||     6
  Evoke: Wand              |       |       |     1 |     1 |     2 |    45 |     4 |     7 |     2 ||    62
         Lightning rod     |       |       |       |       |       |     2 |       |       |       ||     2
         Phantom mirror    |       |       |       |       |       |     1 |     1 |       |       ||     2
         Phial of floods   |       |       |       |       |       |     1 |       |     1 |       ||     2
    Use: Potion            |     3 |       |       |       |       |    13 |       |     3 |    10 ||    29
         Scroll            |       |       |    11 |       |    10 |    11 |     2 |     2 |     9 ||    45
   Stab: Sleeping          |     1 |       |       |     3 |       |     6 |    10 |     5 |     6 ||    31
         Paralysed         |       |       |     3 |       |       |       |       |       |       ||     3
         Distracted        |       |       |       |       |       |       |     1 |       |     1 ||     2
 Armour: Robe              |    14 |    29 |       |       |       |       |       |       |       ||    43
         Leather armour    |       |    18 |   142 |    38 |       |       |       |       |       ||   198
         Animal skin       |       |       |       |   137 |   242 |   238 |   158 |   222 |       ||   997
         Scale mail        |       |       |       |       |       |    90 |   180 |       |       ||   270
         Acid dragon scale |       |       |       |       |       |       |       |    54 |   742 ||   796
         Ring mail         |       |       |       |       |       |       |       |    44 |       ||    44
  Dodge: Dodged            |    29 |    52 |   105 |   289 |   451 |   483 |   278 |   228 |   543 ||  2458
  Block: Buckler           |       |       |       |       |       |       |       |    16 |   368 ||   384
